 Dungeon Crawl Stone Soup version 0.24-a0-292-g5c6fb1c (webtiles) character file.

Game seed: 16598297328545408747

29233 Getafix the Markscentaur (level 13, -1/122 HPs)
             Began as a Centaur Hunter on May 12, 2019.
             Was a High Priest of Okawaru.
             Shot with an arrow by a centaur warrior (12 damage)
             ... on level 13 of the Dungeon.
             The game lasted 01:04:43 (21252 turns).

Getafix the Markscentaur (Centaur Hunter)          Turns: 21252, Time: 01:04:44

Health: -1/122     AC: 20    Str: 18    XL:     13   Next: 14%
Magic:  18/18      EV:  4    Int: 20    God:    Okawaru [*****.]
Gold:   332        SH:  5    Dex: 16    Spells: 12/12 levels left

rFire    . . .     SeeInvis +   k - +2 longbow of Innocence {velocity, Fragile rC++ rN+ Int+8}
rCold    + + .     Gourm    .   (shield currently unavailable)
rNeg     + . .     Faith    .   Y - +0 chain mail
rPois    .         Spirit   .   (no helmet)
rElec    .         Reflect  +   m - +2 cloak
rCorr    +         Harm     .   E - +0 pair of gloves
MR       .....                  q - +0 centaur barding
Stlth    ..........             T - +5 amulet of reflection
HPRegen  0.30/turn              L - ring of resist corrosion
MPRegen  0.16/turn              N - ring of see invisible

@: studying Hexes, very quick
A: large, hooves 3, thin skeletal structure 1, agile 1, clever 1, deformed body,
speed 2, robust 1, tough skin 3
a: Heroism, Finesse, Renounce Religion


You were on level 13 of the Dungeon.
You worshipped Okawaru.
Okawaru was extremely pleased with you.
You were not hungry.

You visited 2 branches of the dungeon, and saw 14 of its levels.
You also visited: Ice Cave.

You collected 592 gold pieces.
You spent 260 gold pieces at shops.

Inventory:

Hand Weapons
 a - a +3 shortbow of flaming
 b - a +0 trident
 k - the +2 longbow of Innocence (weapon) {velocity, Fragile rC++ rN+ Int+8}
   (Okawaru gifted it to you on level 12 of the Dungeon)

   Any arrow fired from it inflicts extra damage.
   It affects your intelligence (+8).
   It greatly protects you from cold.
   It protects you from negative energy.
   It will be destroyed if unequipped.
 x - a +5 longbow of freezing
 J - a +1 longbow of freezing
Missiles
 d - 421 arrows (quivered)
 V - 2 throwing nets
Armour
 m - a +2 cloak (worn)
 q - a +0 centaur barding (worn)
 E - a +0 pair of gloves (worn)
 Y - a +0 chain mail (worn)
Jewellery
 l - an uncursed ring of wizardry
 v - an uncursed ring of ice
 L - a ring of resist corrosion (left hand)
 N - a ring of see invisible (right hand)
 T - a +5 amulet of reflection (around neck)
Wands
 c - a wand of scattershot (6)
 i - a wand of digging (3)
 B - a wand of enslavement (4)
 C - a wand of disintegration (7)
 M - a wand of iceblast (11)
Scrolls
 j - 5 scrolls of enchant armour
 p - 3 scrolls of identify
 s - 7 scrolls of teleportation
 t - a scroll of immolation
 y - 4 scrolls of magic mapping
 F - 5 scrolls of remove curse
 O - a scroll of fear {unknown}
 P - a scroll of noise {unknown}
 R - a scroll of vulnerability {unknown}
 S - a scroll of silence {unknown}
 U - 2 scrolls of fog
 X - a scroll of blinking {unknown}
Potions
 e - a potion of lignification {unknown}
 g - 3 potions of ambrosia
 n - a potion of might
 o - 6 potions of haste
 r - 4 potions of flight
 u - a potion of curing
 w - 4 potions of agility
 z - a potion of berserk rage
 A - a potion of magic
 I - 3 potions of heal wounds
 K - 4 potions of brilliance
Books
 D - a manual of Hexes
Miscellaneous
 h - a phantom mirror
 G - a phial of floods
 W - a lightning rod (4/4)
 Z - a box of beasts
Comestibles
 f - 19 rations
 H - 7 chunks of flesh


   Skills:
 + Level 9.5 Fighting
 + Level 5.1 Polearms
 * Level 18.3 Bows
 - Level 0.1 Throwing
 * Level 8.6 Armour
 - Level 1.3 Dodging
 - Level 0.4 Stealth
 * Level 7.8 Invocations


You had 12 spell levels left.
You didn't know any spells.
Your spell library contained the following spells:

 Spells                   Type           Power        Failure   Level  Hunger
 Beastly Appendage        Tmut           #.....       87%         1    ##.....
 Sticks to Snakes         Tmut           #.......     95%         2    ###....
 Spider Form              Tmut/Pois      #.........   99%         3    ####...
 Ice Form                 Ice/Tmut       #.......     100%        4    #####..
 Blade Hands              Tmut           #.........   100%        5    ######.
 Malign Gateway           Summ/Tloc      #.........   100%        7    #######
 Monstrous Menagerie      Summ           #.........   100%        7    #######
 Summon Greater Demon     Summ           #.........   100%        7    #######
 Summon Horrible Things   Summ           #.........   100%        8    #######


Dungeon Overview and Level Annotations

Branches:
Dungeon (13/15)            Temple (1/1) D:7            Lair (0/6) D:9
    Orc (0/2) D:9
 Vaults: D:13-14

Altars:
Ashenzari
Cheibriados
Dithmenos
Elyvilon
Fedhas
Gozag
Hepliaklqana
Kikubaaqudgha
Makhleb
Nemelex Xobeh
Okawaru
Qazlal
Ru
Sif Muna
Trog
Uskayaw
Vehumet
Wu Jian
Xom
Yredelemnul
Zin
The Shining One

Shops:
D:5 ?   D:7 *   D:9 }

Portals:
Bailey: D:13

Annotations:
D:1 exclusion: downstairs
D:4 2 transporters, Ratty's ghost, amateur DEFE
D:5 exclusion: downstairs
D:8 exclusion: downstairs


Innate Abilities, Weirdness & Mutations

You have hooves in place of feet.
Armour fits poorly on your strangely shaped body.
You cover ground very quickly.
You have extremely tough skin. (AC +3)
You have a somewhat thin skeletal structure. (Dex +2, Stealth)
You are agile. (Dex +2)
Your mind is acute. (Int +2)
You are robust. (+10% HP)


Message History

* * * LOW HITPOINT WARNING * * *
The centaur warrior shoots an arrow.
The arrow hits you!
* * * LOW HITPOINT WARNING * * *
The centaur warrior shoots an arrow.
The arrow hits you.
* * * LOW HITPOINT WARNING * * *
You see here 2 arrows.
The centaur warrior shoots an arrow.
The arrow hits you but does no damage.
The centaur warrior shoots an arrow.
The arrow hits you!
* * * LOW HITPOINT WARNING * * *
You see here 2 arrows.
The centaur warrior shoots an arrow.
The arrow hits you.
* * * LOW HITPOINT WARNING * * *
You see here an arrow.
A centaur warrior comes into view.
The centaur warrior shouts!
The centaur warrior wields a cursed -1 shortbow.
The centaur warrior shoots an arrow.
The arrow barely misses you.
You see here an arrow.
The centaur warrior shoots an arrow.
The arrow hits you!
You die...

...8....∩(.(.8.....#......######
.(.....(cc.........#......##...#
..........(....<...#.......#...#
.....8...T.8.......#.......'...'
........8..........#......######
............l......#......# #
.............(.....#....... #
...................#....... #
...............@...#......# #
................##'##.. #
...######........... # ..
+........... # #........... #
.c.......... # ≈≈≈≈≈≈≈≈≈≈≈≈≈ #
#############≈ # #


You could see 3 centaur warriors, a troll and an iguana.

Vanquished Creatures
  A frost giant (IceCv)
  The ghost of adept the Blocker, a journeyman GrFi of Ashenzari (D:12)
  4 two-headed ogres
  2 death yaks (IceCv)
  An unseen horror (D:12)
  An ugly thing (D:13)
  A cyclops (D:13)
  Joseph (D:9)
  Psyche (D:9)
  An ice statue (IceCv)
  3 centaur skeletons
  2 rime drakes (IceCv)
  A freezing wraith (D:12)
  A kobold demonologist (D:10)
  A merfolk (D:9)
  4 trolls
  16 polar bears
  Prince Ribbit (D:9)
  A hippogriff (D:13)
  2 hornets
  2 shadows
  2 centaur simulacra (D:12)
  A water elemental (D:12)
  A wyvern (D:11)
  26 yaks
  3 wraiths (D:12)
  2 hungry ghosts
  A water moccasin (D:11)
  4 orc warriors
  12 ice beasts (D:12)
  5 sky beasts
  3 ogres
  2 black bears
  An eye of draining (D:13)
  3 phantoms
  A necrophage (D:11)
  15 wolves
  14 centaurs
  3 bullfrogs
  A big kobold (D:12)
  Blork the orc (D:6)
  3 wyvern skeletons
  3 scorpions
  4 killer bees
  2 electric eels (D:9)
  4 howler monkeys
  3 crimson imps
  Crazy Yiuf (D:6)
  A quasit (D:9)
  2 centaur zombies
  14 hounds
  4 bullfrog skeletons
  6 jellies
  7 orc priests
  9 orc wizards
  3 iguanas
  Ijyb (D:3)
  Natasha (twice) (D:3)
  7 worker ants
  2 bullfrog simulacra (D:12)
  A hound skeleton (D:7)
  3 worker ant zombies
  A howler monkey skeleton (D:4)
  13 adders
  3 shadow imps
  4 white imps (D:12)
  2 oozes (D:2)
  2 adder zombies
  An adder skeleton (D:4)
  7 worms
  A dart slug (D:1)
  5 leopard geckos
  54 orcs
  9 giant cockroaches
  4 goblins
  9 hobgoblins
  19 jackals
  A quokka (D:2)
  2 ball pythons (D:1)
  10 bats
  4 frilled lizards
  A jackal skeleton (D:4)
  11 kobolds
  A quokka skeleton (D:4)
  19 rats
414 creatures vanquished.

Vanquished Creatures (others)
  A cyclops (D:13)
  A centaur (D:11)
  A wolf (IceCv)
3 creatures vanquished.

Grand Total: 417 creatures vanquished

Notes
Turn   | Place    | Note
-------+----------+-------------------------------------------
     0 | D:1      | Getafix the Centaur Hunter began the quest for the Orb.
     0 | D:1      | Reached XP level 1. HP: 17/17 MP: 1/1
   340 | D:1      | Reached XP level 2. HP: 16/24 MP: 2/2
   696 | D:1      | Reached skill level 6 in Bows
  1373 | D:1      | Reached XP level 3. HP: 29/29 MP: 3/3
  1552 | D:1      | Reached skill level 1 in Armour
  1612 | D:2      | Noticed a bullfrog
  2173 | D:2      | Reached XP level 4. HP: 30/36 MP: 4/4
  3006 | D:2      | You fall through a shaft for 2 floors!
  3298 | D:4      | Reached XP level 5. HP: 17/42 MP: 5/5
  3569 | D:4      | Found a transporter.
  3570 | D:4      | Noticed Ratty's ghost (amateur DEFE)
  3571 | D:4      | Found a transporter.
  4081 | D:2      | Reached skill level 7 in Bows
  4762 | D:3      | Noticed a moth of wrath
  4764 | D:3      | Found a bloodstained altar of Trog.
  4791 | D:3      | Reached XP level 6. HP: 40/50 MP: 6/6
  4969 | D:3      | Noticed Ijyb
  4989 | D:3      | Killed Ijyb
  5110 | D:3      | Noticed Natasha
  5125 | D:3      | Killed Natasha
  5372 | D:3      | Found a blossoming altar of Fedhas.
  5691 | D:3      | Found an ornate altar of the Wu Jian Council.
  5691 | D:3      | Found a shattered altar of Ashenzari.
  5698 | D:3      | Found a sacrificial altar of Ru.
  5739 | D:3      | Found an ancient bone altar of Kikubaaqudgha.
  5742 | D:3      | Found a shadowy altar of Dithmenos.
  5743 | D:3      | Found a radiant altar of Vehumet.
  5747 | D:3      | Found an opulent altar of Gozag.
  5988 | D:3      | Noticed Natasha
  5996 | D:3      | Killed Natasha
  5996 | D:3      | Reached skill level 8 in Bows
  6325 | D:5      | Entered Level 5 of the Dungeon
  6371 | D:5      | Reached XP level 7. HP: 57/57 MP: 7/7
  6445 | D:5      | Found Seaxtiumu's Magic Scroll Boutique.
  7857 | D:6      | Reached skill level 9 in Bows
  7862 | D:6      | Noticed Blork the orc
  7913 | D:6      | Killed Blork the orc
  8322 | D:6      | Reached XP level 8. HP: 44/66 MP: 8/8
  8719 | D:6      | Found a runed translucent door.
  8720 | D:6      | Noticed Crazy Yiuf
  8952 | D:6      | Reached skill level 1 in Polearms
  8952 | D:6      | Reached skill level 10 in Bows
  9305 | D:6      | Killed Crazy Yiuf
  9999 | D:7      | Found a staircase to the Ecumenical Temple.
 10014 | Temple   | Entered the Ecumenical Temple
 10076 | Temple   | Became a worshipper of Warmaster Okawaru
 10179 | D:5      | Bought a scroll of brand weapon for 260 gold pieces
 10356 | D:7      | Reached skill level 5 in Armour
 10394 | D:7      | Found Olamuol's General Store.
 11022 | D:7      | Reached * piety under Okawaru
 11022 | D:7      | Reached XP level 9. HP: 49/72 MP: 9/9
 11338 | D:7      | Found a hazy altar of Hepliaklqana.
 11868 | D:7      | Reached skill level 1 in Invocations
 12187 | D:8      | Noticed a two-headed ogre
 12271 | D:8      | Killed a two-headed ogre
 12271 | D:8      | Reached ** piety under Okawaru
 12271 | D:8      | Reached skill level 5 in Fighting
 12271 | D:8      | Reached skill level 11 in Bows
 13319 | D:9      | Noticed a two-headed ogre
 13357 | D:9      | Killed a two-headed ogre
 13457 | D:9      | Found a blossoming altar of Fedhas.
 13480 | D:9      | Gained mutation: Your mind is acute. (Int +2) [potion of
                  | mutation]
 13480 | D:9      | Gained mutation: You have a somewhat thin skeletal
                  | structure. (Dex +2, Stealth) [potion of mutation]
 13480 | D:9      | Gained mutation: You are agile. (Dex +2) [potion of
                  | mutation]
 13480 | D:9      | Gained mutation: You are robust. (+10% HP) [potion of
                  | mutation]
 13568 | D:9      | Reached XP level 10. HP: 81/89 MP: 12/12
 13650 | D:9      | Paralysed by a hornet for 2 turns
 13670 | D:9      | Noticed Psyche
 13685 | D:9      | Killed Psyche
 14180 | D:9      | Reached skill level 5 in Polearms
 14189 | D:9      | Reached skill level 12 in Bows
 14206 | D:9      | Reached *** piety under Okawaru
 14393 | D:9      | Found a staircase to the Orcish Mines.
 14423 | D:9      | Noticed Joseph
 14438 | D:9      | Killed Joseph
 14834 | D:9      | Noticed a two-headed ogre
 14923 | D:9      | Killed a two-headed ogre
 14923 | D:9      | Reached **** piety under Okawaru
 14923 | D:9      | Reached skill level 13 in Bows
 15312 | D:9      | Noticed Prince Ribbit
 15316 | D:9      | Killed Prince Ribbit
 15558 | D:9      | Found Angyusysh's Gadget Shop.
 15582 | D:9      | Found a staircase to the Lair.
 15707 | D:10     | Entered Level 10 of the Dungeon
 15751 | D:10     | Received a gift from Okawaru
 15751 | D:10     | Reached XP level 11. HP: 96/100 MP: 14/14
 15811 | D:10     | Reached skill level 5 in Invocations
 15955 | D:10     | Noticed a two-headed ogre
 15976 | D:10     | Killed a two-headed ogre
 15976 | D:10     | Reached skill level 14 in Bows
 16132 | D:10     | Received a gift from Okawaru
 16502 | D:11     | Reached ***** piety under Okawaru
 16678 | D:11     | Found a snail-covered altar of Cheibriados.
 16687 | D:11     | Received a gift from Okawaru
 16897 | D:11     | Reached skill level 15 in Bows
 17376 | D:12     | Identified a scroll of acquirement
 17447 | D:12     | Found a frozen archway.
 17531 | D:12     | Received a gift from Okawaru
 17577 | IceCv    | Entered an ice cave
 17945 | IceCv    | Reached XP level 12. HP: 93/111 MP: 16/16
 17961 | IceCv    | Received a gift from Okawaru
 17974 | IceCv    | Reached skill level 16 in Bows
 18419 | IceCv    | Noticed a death yak
 18460 | IceCv    | Killed a death yak
 18460 | IceCv    | Received a gift from Okawaru
 19213 | IceCv    | Noticed a frost giant
 19213 | IceCv    | Noticed a death yak
 19278 | IceCv    | Killed a frost giant
 19278 | IceCv    | Reached skill level 17 in Bows
 19550 | IceCv    | Killed a death yak
 20034 | D:12     | Received a gift from Okawaru
 20461 | D:12     | Received a gift from Okawaru
 20471 | D:12     | Got a jewelled longbow {god gift}
 20472 | D:12     | Identified the +2 longbow of Innocence {velocity, Fragile
                  | rC++ rN+ Int+8} (Okawaru gifted it to you on level 12 of
                  | the Dungeon)
 20477 | D:12     | Found a runed translucent gate.
 20477 | D:12     | Found a runed translucent gate.
 20478 | D:12     | Found a runed translucent gate.
 20746 | D:12     | Noticed adept's ghost (journeyman GrFi)
 20769 | D:12     | Reached skill level 18 in Bows
 20779 | D:12     | Reached XP level 13. HP: 122/122 MP: 18/18
 20855 | D:12     | Killed adept's ghost
 21226 | D:13     | Found a flagged portal.
 21252 | D:13     | Shot with an arrow by a centaur warrior

Levels and vault maps discovered:
D:1:      dpeg_arrival_long_road, layout_basic
D:2:      layout_loops_cross, first_ration, minmay_tetromino_i2
D:3:      layout_loops_ring, minitemple, fedhas_altar_4, tgw_trog, uniq_natasha,
          uniq_ijyb
D:4:      layout_gridville, gammafunk_ghost_mausoleum, st_stairs_4
D:5:      layout_layer_cave, serial_shops, shop
D:6:      layout_loops_ring, uniq_blork_the_orc, uniq_crazy_yiuf_cottage
D:7:      layout_loops_corners, lemuel_coloured_pillars_altar,
          minmay_temple_entry_gardened_gates, serial_shops,
          nicolae_shop_behind_doors
D:8:      layout_cave_pools
D:9:      layout_grid_maze, erik_lair_island, david_orc_2, basic_altar,
          serial_shops, shop_fountains, kennysheep_big_empty_room,
          hangedman_fish_farm, uniq_joseph, uniq_prince_ribbit1, uniq_psyche
D:10:     layout_gridville
D:11:     layout_roguey, cheibriados_altar_1
D:12:     layout_roguey, serial_ice, serial_ice_o, serial_ice_e, serial_ice_d,
          serial_ice_b, serial_ice_m, serial_ice_g, serial_ice_l,
          portal_ice_cave_entry_ice_beasts, gammafunk_ghost_spectres
D:13:     layout_gridville, enter_bailey_6, special_room [special_room_bee],
          nooodl_orcs_dogs
Temple:   cyrus_circular_temple

Skill      XL: |  1  2  3  4  5  6  7  8  9 10 11 12 |
---------------+-------------------------------------+-----
Bows           | 6 7 8 9 10 11 13 15 18 | 18.3
Armour         | 1 2 3 4 5 6 7 8 |  8.6
Fighting       | 3 4 5 6 7 9 |  9.5
Polearms       | 3 4 5 |  5.1
Invocations    | 3 4 6 7 |  7.8
Throwing       | |  0.1
Dodging        | |  1.3
Stealth        | |  0.4

Action                   |  1- 3 |  4- 6 |  7- 9 | 10-12 | 13-15 || total
-------------------------+-------+-------+-------+-------+-------++-------
Melee: Short sword       |   119 |   348 |    42 |       |       ||   509
       Kick              |    19 |    69 |    77 |    16 |       ||   181
       Trident           |       |       |   401 |    54 |       ||   455
 Fire: Shortbow          |    19 |    97 |   123 |   852 |       ||  1091
       Blowgun           |       |       |    45 |    20 |       ||    65
       Longbow           |       |       |       |   108 |    44 ||   152
Throw: Stone             |     2 |       |       |       |       ||     2
       Tomahawk          |       |       |     2 |     5 |       ||     7
Invok: Heroism           |       |       |       |     6 |       ||     6
       Finesse           |       |       |       |     2 |       ||     2
Evoke: Wand              |       |     3 |       |       |       ||     3
  Use: Scroll            |       |     9 |     9 |    12 |       ||    30
       Potion            |       |       |     1 |       |       ||     1
  Eat: Chunk             |     3 |    11 |    17 |    12 |     1 ||    44
       Ration            |       |       |     1 |     2 |       ||     3
Armor: Leather armour    |    50 |     5 |       |       |       ||    55
       Plate armour      |       |   363 |   428 |   121 |       ||   912
       Robe              |       |       |       |    40 |       ||    40
       Chain mail        |       |       |       |    15 |     2 ||    17
Dodge: Dodged            |    50 |    80 |    62 |    76 |     1 ||   269
Block: Other             |       |       |    10 |    75 |     3 ||    88
       Reflection        |       |       |       |    14 |     3 ||    17

Table legend:
 A = Non-vault XP
 B = Vault XP
 C = Vault XP percentage of total XP
 D = Non-vault monster count
 E = Vault monster count
 F = Vault count percentage of total count
                 A         B        C        D         E       F
            +---------+---------+-------+---------+---------+-------
      Total |   21005 |   20757 |  49.7 |     307 |     109 |  26.2
            +---------+---------+-------+---------+---------+-------
        D:1 |      47 |       0 |   0.0 |      29 |       0 |   0.0
        D:2 |     200 |      14 |   6.5 |      34 |       2 |   5.6
        D:3 |     215 |      80 |  27.1 |      42 |       7 |  14.3
        D:4 |      77 |      96 |  55.5 |      10 |       3 |  23.1
        D:5 |     333 |       0 |   0.0 |      20 |       0 |   0.0
        D:6 |     746 |     136 |  15.4 |      14 |       2 |  12.5
        D:7 |    1233 |       0 |   0.0 |      27 |       0 |   0.0
        D:8 |    1275 |     423 |  24.9 |      16 |       2 |  11.1
        D:9 |    4104 |    1794 |  30.4 |      31 |      17 |  35.4
       D:10 |    2429 |       0 |   0.0 |      10 |       0 |   0.0
       D:11 |    4110 |       0 |   0.0 |      36 |       0 |   0.0
       D:12 |    4017 |    5625 |  58.3 |      30 |      33 |  52.4
       D:13 |    2219 |       0 |   0.0 |       8 |       0 |   0.0
      IceCv |       0 |   12589 | 100.0 |       0 |      43 | 100.0
            +---------+---------+-------+---------+---------+-------
